 Dungeon Crawl Stone Soup version 0.25-a0-578-gc91f01c39c (webtiles) character file.

Game seed: 1869317473104660906, levelgen mode: deterministic

2425966 mopl the Plane Walker (level 27, 263/263 HPs)
             Began as a Barachi Fighter on Feb 16, 2020.
             Was the Champion of Cheibriados.
             Escaped with the Orb
             ... and 4 runes on Mar 4, 2020!
             The game lasted 03:37:31 (71720 turns).

mopl the Plane Walker (Barachi Fighter)            Turns: 71720, Time: 03:37:32

Health: 263/263    AC: 55    Str: 38    XL:     27
Magic:  39/39      EV: 20    Int: 44    God:    Cheibriados [******]
Gold:   7962       SH: 15    Dex: 21    Spells: 1/44 levels left

rFire    + . .     SeeInvis .   a - +8 broad axe (flame)
rCold    + + .     Gourm    .   f - +1 kite shield {rN+}
rNeg     + . .     Faith    .   O - +8 orange crystal plate armour {Archmagi, Int+3 Clar}
rPois    +         Spirit   .   M - +2 helmet of the Thinker {Str+3 Int+2}
rElec    +         Reflect  .   R - +2 cloak {rPois}
rCorr    .         Harm     .   T - +2 pair of gloves {archery}
MR       +++..     Clarity  +   n - +1 pair of boots of Dramatic Exits {Int+4} Stlth ..........Rnd*Tele +
                                s - amulet of Vitality {Regen+ HP+15}
HPRegen  1.33/turn              j - ring of Jywuppuf {Wiz rElec rF+ rC++ Dex-5}
MPRegen  0.26/turn              v - ring of protection from magic

@: very slow
A: +LOS, swims, talons 1, molten scales 1, thin metallic scales 1, yellow scales
1, blink, blurry vision 1, high mp 1, poison resistance, regeneration 1, robust
1, slowness 1, teleportitis 1, strong legs 2
0: Orb of Zot
}: 4/15 runes: barnacled, slimy, silver, gossamer
a: Hop, Blink, Bend Time, Temporal Distortion, Slouch, Step From Time, Renounce
Religion


You escaped.
You worshipped Cheibriados.
Cheibriados was exalted by your worship.
You were full.

You visited 13 branches of the dungeon, and saw 59 of its levels.
You visited the Abyss 2 times.
You visited 1 ziggurat, and saw 9 of its levels.
You also visited: Ossuary.

You collected 11276 gold pieces.
You spent 3314 gold pieces at shops.

Inventory:

Hand Weapons
 a - a +8 broad axe of flaming (weapon)
Missiles
 b - 10 silver boomerangs
 e - 19 throwing nets
 m - 4 silver javelins
 p - 34 boomerangs (quivered)
 w - 15 atropa-tipped darts
 L - 17 boomerangs of dispersal
 P - 45 javelins
Armour
 f - a +1 kite shield of positive energy (worn)
 n - the +1 pair of boots of Dramatic Exits (worn) {Int+4}
   (You found it on level 9 of a ziggurat)

   It affects your intelligence (+4).
   If you remove this armour, your AC will decrease by 3 (55 -> 52).
 M - the +2 helmet of the Thinker (worn) {Str+3 Int+2}
   (You found it on level 6 of the Dungeon)

   It affects your strength (+3).
   It affects your intelligence (+2).
   If you remove this armour, your AC will decrease by 4 (55 -> 51).
 O - the +8 orange crystal plate armour (worn) {Archmagi, Int+3 Clar}
   (You acquired it on level 4 of the Spider Nest)

   It affects your intelligence (+3).
   It protects you against confusion.
   If you remove this armour, your AC will decrease by 35 (55 -> 20).
 R - a +2 cloak of poison resistance (worn)
 T - a +2 pair of gloves of archery (worn)
Jewellery
 i - the ring of Surprise {+Fly rF+ Dex+2 SInv}
   (You found it on level 5 of a ziggurat)

   [ring of see invisible]

   It affects your dexterity (+2).
   It protects you from fire.
   It lets you see invisible.
   It lets you fly.
 j - the ring of Jywuppuf (left hand) {Wiz rElec rF+ rC++ Dex-5}
   (You found it on level 4 of the Vaults)

   [ring of wizardry]

   It improves your spell success rate.
   It affects your dexterity (-5).
   It protects you from fire.
   It greatly protects you from cold.
   It insulates you from electricity.
 s - the amulet of Vitality (around neck) {Regen+ HP+15}
   (You found it on level 3 of the Elven Halls)

   [amulet of regeneration]

   It affects your health (+15).
   It increases your rate of regeneration.
 v - a ring of protection from magic (right hand)
Wands
 o - a wand of acid (13)
 q - a wand of iceblast (30)
 t - a wand of digging (15)
 D - a wand of polymorph (62)
 H - a wand of enslavement (5)
 Q - a wand of paralysis (37)
 Z - a wand of scattershot (17)
Scrolls
 h - 4 scrolls of summoning
 k - 5 scrolls of vulnerability
 u - 9 scrolls of blinking
 y - 8 scrolls of fear
 F - 22 scrolls of remove curse
 G - 20 scrolls of teleportation
 J - 18 scrolls of identify
 N - 3 scrolls of silence {!r}
 Y - 7 scrolls of fog
Potions
 d - 2 potions of might
 g - 3 potions of ambrosia
 z - 14 potions of heal wounds
 A - 20 potions of curing
 C - 2 potions of cancellation
 I - 3 potions of invisibility
 K - 2 potions of mutation {!q}
 V - 3 potions of resistance
 W - 4 potions of magic
 X - 12 potions of flight
Miscellaneous
 l - a fan of gales
 r - a lightning rod (4/4)
 x - 4 boxes of beasts
 B - a lamp of fire
 E - the horn of Geryon
 S - 2 sacks of spiders
 U - 4 phantom mirrors
Comestibles
 c - 107 rations


   Skills:
 + Level 20.7 Fighting
 + Level 21.7 Axes
 + Level 17.2 Throwing
 + Level 20.7 Armour
 + Level 17.6 Dodging
 + Level 12.7 Stealth
 - Level 10.0 Shields
 - Level 9.0 Spellcasting
 - Level 15.0 Hexes
 - Level 10.0 Summonings
 O Level 27 Translocations
 + Level 7.9 Transmutations
 - Level 5.0 Air Magic
 - Level 14.0 Invocations
 - Level 10.0 Evocations


You had one spell level left.
You knew the following spells:

 Your Spells              Type           Power        Failure   Level  Hunger
a - Apportation           Tloc           ######       0%          1    None
b - Summon Butterflies    Summ           ########     1%          1    None
c - Lesser Beckoning      Tloc           #########.   0%          3    None
d - Tukima's Dance        Hex            ########     1%          3    None
e - Blink                 Tloc           N/A          0%          2    None
f - Cause Fear            Hex            ########..   1%          4    None
g - Summon Lightning Spi  Summ/Air       #######.     3%          4    None
h - Summon Mana Viper     Hex/Summ       ########     1%          5    #......
y - Yara's Violent Unrav  Hex/Tmut       ########..   1%          5    #......
A - Aura of Abjuration    Summ           ########..   3%          5    #......
D - Deflect Missiles      Chrm/Air       ######....   97%         6    ####...
P - Passage of Golubria   Tloc           N/A          0%          4    None

Your spell library contained the following spells:

 Spells                   Type           Power        Failure   Level  Hunger
 Beastly Appendage        Tmut           ######       1%          1    None
 Sting                    Tmut/Pois      ####         1%          1    None
 Summon Small Mammal      Summ           ####         1%          1    None
 Shock                    Conj/Air       ####         2%          1    None
 Animate Skeleton         Necr           N/A          7%          1    None
 Foxfire                  Conj/Fire      ####         7%          1    None
 Freeze                   Ice            ####         7%          1    None
 Magic Dart               Conj           ####         7%          1    None
 Pain                     Necr           ####         7%          1    None
 Gell's Gravitas          Tloc           #########.   0%          3    None
 Teleport Other           Tloc           ########     0%          3    None
 Call Imp                 Summ           ########     1%          2    None
 Shroud of Golubria       Chrm/Tloc      ######       1%          2    None
 Call Canine Familiar     Summ           ########     1%          3    None
 Confusing Touch          Hex            ########     1%          3    None
 Dazzling Flash           Conj/Hex       ######       1%          3    None
 Inner Flame              Hex/Fire       #######.     1%          3    None
 Recall                   Summ/Tloc      N/A          1%          3    None
 Summon Guardian Golem    Hex/Summ       ########     1%          3    None
 Iskenderun's Mystic Bla  Conj/Tloc      ########     1%          4    None
 Summon Forest            Summ/Tloc      ########..   1%          5    #......
 Dispersal                Tloc           #########.   1%          6    ####...
 Invisibility             Hex            ########     2%          6    ####...
 Malign Gateway           Summ/Tloc      ########..   2%          7    ######.
 Corpse Rot               Necr/Air       N/A          3%          2    None
 Poisonous Vapours        Pois/Air       ######       3%          2    None
 Swiftness                Chrm/Air       ######..     3%          2    None
 Fulminant Prism          Conj/Hex       #######...   3%          4    None
 Leda's Liquefaction      Hex/Erth       #######...   3%          4    None
 Silence                  Hex/Air        ########..   3%          5    #......
 Summon Demon             Summ           ########..   3%          5    #......
 Spider Form              Tmut/Pois      ######....   4%          3    None
 Ignite Poison            Fire/Tmut/Pois ######..     7%          3    None
 Static Discharge         Conj/Air       ######..     8%          3    None
 Blade Hands              Tmut           #######...   8%          5    #......
 Airstrike                Air            #######...   9%          4    None
 Summon Ice Beast         Ice/Summ       #######.     9%          4    None
 Metabolic Englaciation   Hex/Ice        #######...   9%          5    #......
 Searing Ray              Conj           ####..       11%         2    None
 Sublimation of Blood     Necr           ####......   11%         2    None
 Mephitic Cloud           Conj/Pois/Air  ######..     11%         3    None
 Ice Form                 Ice/Tmut       ######..     13%         4    None
 Petrify                  Tmut/Erth      ######..     13%         4    None
 Shadow Creatures         Summ           N/A          16%         6    ####...
 Conjure Flame            Conj/Fire      ####....     21%         3    None
 Frozen Ramparts          Ice            ####..       21%         3    None
 Ozocubu's Armour         Chrm/Ice       ####....     21%         3    None
 Vampiric Draining        Necr           ####......   21%         3    None
 Alistair's Intoxication  Tmut/Pois      ######..     32%         5    #......
 Animate Dead             Necr           N/A          52%         4    None
 Dispel Undead            Necr           ####....     52%         4    None
 Hailstorm                Conj/Ice       ####....     52%         4    None
 Olgreb's Toxic Radiance  Pois           ####....     52%         4    None
 Sticky Flame             Conj/Fire      ####....     52%         4    None
 Lightning Bolt           Conj/Air       ######....   52%         5    #......
 Monstrous Menagerie      Summ           ########..   63%         7    ######.
 Summon Greater Demon     Summ           ########..   63%         7    ######.
 Summon Hydra             Summ           ########..   63%         7    ######.
 Discord                  Hex            ########..   65%         8    #######
 Agony                    Necr           ####....     86%         5    #......
 Bolt of Magma            Conj/Fire/Erth ####......   86%         5    #......
 Borgnjor's Vile Clutch   Necr/Erth      ####......   86%         5    #......
 Excruciating Wounds      Chrm/Necr      ####......   86%         5    #......
 Fireball                 Conj/Fire      ####......   86%         5    #......
 Iskenderun's Battlesphe  Conj/Chrm      ####....     86%         5    #......
 Lee's Rapid Deconstruct  Erth           ####......   86%         5    #......
 Dragon Form              Tmut           #######...   89%         7    ######.
 Conjure Ball Lightning   Conj/Air       ######....   97%         6    ####...
 Freezing Cloud           Conj/Ice/Air   ######....   99%         6    ####...
 Haunt                    Necr/Summ      #######...   99%         7    ######.
 Spellforged Servitor     Conj/Summ      #######...   99%         7    ######.
 Summon Horrible Things   Summ           ########..   99%         8    #######
 Iron Shot                Conj/Erth      ####......   100%        6    ####...
 Starburst                Conj/Fire      ####......   100%        6    ####...
 Orb of Destruction       Conj           ####......   100%        7    ######.
 Ring of Flames           Chrm/Fire      ####......   100%        7    ######.
 Borgnjor's Revivificati  Necr           ####......   100%        8    #######
 Chain Lightning          Conj/Air       ######....   100%        8    #######
 Death's Door             Chrm/Necr      ####......   100%        8    #######
 Ignition                 Fire           ####......   100%        8    #######
 Infestation              Necr           ####......   100%        8    #######
 Lehudib's Crystal Spear  Conj/Erth      ####......   100%        8    #######
 Necromutation            Tmut/Necr      ######....   100%        8    #######
 Dragon's Call            Summ           ########..   100%        9    #######
 Fire Storm               Conj/Fire      ####......   100%        9    #######
 Glaciate                 Conj/Ice       ####......   100%        9    #######
 Shatter                  Erth           ####......   100%        9    #######
 Tornado                  Air            #######...   100%        9    #######


Dungeon Overview and Level Annotations

Branches:
Dungeon (15/15)            Temple (1/1) D:5            Lair (6/6) D:9
 Shoals (4/4) Lair:4       Spider (4/4) Lair:3        Slime (5/5) Lair:6
    Orc (2/2) D:10            Elf (3/3) Orc:2        Vaults (5/5) D:13
  Crypt (3/3) Vaults:2       Tomb (0/3) Crypt:3      Depths (5/5) D:15
   Hell (visited)             Zot (5/5) Depths:5    Ossuary (visited)
    Dis: Hell:1         Geh: Hell:1         Coc: Hell:1         Tar: Hell:1

Altars:
Ashenzari
Cheibriados
Dithmenos
Fedhas
Gozag
Hepliaklqana
Kikubaaqudgha
Makhleb
Nemelex Xobeh
Okawaru
Qazlal
Ru
Sif Muna
Trog
Vehumet
Wu Jian
Xom
Yredelemnul
The Shining One
Jiyva

Shops:
D:14 =   Orc:2 *?}(   Shoals:2 (   Shoals:3 %[   Vaults:2 *   Vaults:3 [
Depths:1 *:   Depths:3 ?   Depths:5 *

Portals:
Hell: Depths:1 Depths:2 Depths:3 Depths:4 Depths:5
Abyss: Depths:4 Depths:5
Pandemonium: Orc:2 Depths:2 Depths:3

Annotations:
Vaults:3 draining battleaxe


Innate Abilities, Weirdness & Mutations

You can be seen from farther away. (+LOS)
You can swim through water.
You cover ground slowly.
You can hop long distances.
You have sharp toenails.
You are partially covered in molten scales. (AC +2)
You are partially covered in thin metallic scales. (AC +2)
You are partially covered in yellow scales. (AC +2)
You can translocate small distances at will.
Scrolls take you a little longer to read.
You have an increased reservoir of magic. (+10% MP)
Your system is resistant to poisons. (rPois)
Your natural rate of healing is unusually fast.
You are robust. (+10% HP)
You are occasionally teleported next to monsters.


Message History

You throw a boomerang.
The boomerang hits the great orb of eyes!!!
You kill the great orb of eyes!
Cheibriados appreciates the change of pace.
Training target 5.0 for Air Magic reached!
Your Air Magic skill increases to level 5!
(D) Dungeon (T) Temple (L) Lair (A) Shoals (N) Spider Nest (M) Slime Pits (O) Orcish Mines (E) Elven Halls (V) Vaults (C) Crypt (W) Tomb (U) Depths (H) Hell (Z) Zot
Where to? (Enter - D:1, ? - help)
There is a stone staircase leading up here.
You climb upwards.
There is a stone staircase leading down here.
You see here a +0 club.
There is a stone staircase leading up here.
You climb upwards.
There is a stone staircase leading down here.
There is a staircase leading out of the dungeon here.
You have escaped!

.....##.###≈≈≈≈≈≈≈≈≈≈####........
........##≈≈≈≈≈≈≈≈≈≈≈≈###........
...)...##≈≈≈≈≈≈≈≈≈≈≈≈≈≈##........
.......#≈≈≈8≈≈≈≈≈≈≈≈8≈≈≈#........
########≈≈≈≈≈≈≈≈≈≈≈≈≈≈≈≈....#....
#### #≈≈≈≈≈≈≈≈≈...≈≈≈≈....#...#
...# #≈≈≈≈≈≈≈≈.≈≈≈.≈≈.###.#.#..
...# #≈≈≈≈≈≈≈>.≈≈≈≈..≈....>....
...# #≈..≈≈≈≈.@≈≈≈≈≈≈≈.#....###
...# ##.≈≈.≈≈≈.≈≈≈≈≈≈≈≈.+.......
...# #.≈≈≈≈...≈≈≈≈≈≈≈≈≈##...####
...# #.≈≈≈≈≈≈≈≈≈≈≈≈≈≈≈≈##.......
...# ##.≈≈≈8≈≈≈≈≈≈≈≈8≈≈≈##.######
...###..#≈≈≈≈≈≈≈≈≈≈≈≈≈≈###.#
.........#≈≈≈≈≈≈≈≈≈≈≈≈## #.#
.........##≈≈≈≈≈≈≈≈≈≈## #.#
.........#########.#######.#


There were no monsters in sight!

Vanquished Creatures
  the Royal Jelly (Slime:5)
  Mara (Vaults:4)
  9 orbs of fire
  5 ancient liches
  A juggernaut (Depths:4)
  Boris (twice) (Vaults:3 Crypt:1)
  2 Killer Klowns
  Xtahua (Depths:3)
  3 curse toes
  Geryon (Hell)
  9 golden dragons
  A caustic shrike (shapeshifter) (Zig:9)
  3 bone dragons
  Arachne (Spider:2)
  3 electric golems
  17 tentacled monstrosities
  Rupert (Lair:3)
  5 liches
  4 deep elf blademasters (Elf:3)
  21 Orb Guardians
  An Ice Fiend (D:14)
  8 quicksilver dragons
  A deep elf master archer (Elf:3)
  14 acid blobs
  Gastronok (Lair:1)
  An eldritch tentacle (Zig:1)
  4 titans
  2 krakens
  3 Executioners
  7 ancient champions (Crypt:3)
  7 death cobs
  A tentacled starspawn (Abyss:3)
  4 sphinxes
  11 shadow dragons
  A daeva (Depths:5)
  17 storm dragons
  5 pandemonium lords
  8 tengu reavers
  4 revenants
  9 draconian monks
  Ilsuiw (Shoals:2)
  4 azure jellies (Slime:5)
  A corrupter (Zig:9)
  9 draconian knights
  3 iron dragons
  The ghost of Dysch the Transmogrifier, an adept OpEn of Uskayaw (Orc:1)
  9 frost giants
  10 fire giants
  7 ghost moths
  2 caustic shrike zombies
  20 vault wardens
  12 deep elf sorcerers
  A cacodemon (Depths:2)
  6 curse skulls
  A warmonger (Zig:9)
  6 draconian scorchers
  3 emperor scorpions (Spider:4)
  8 draconian stormcallers
  3 orc warlords
  An emperor scorpion (shapeshifter) (Depths:4)
  A balrug (Abyss:3)
  A black sun (Zig:7)
  3 ghouls
  6 deep elf elementalists
  6 draconian shifters
  An angel (Zig:4)
  7 draconian annihilators
  19 ironheart preservers
  5 reapers
  A juggernaut skeleton (D:15)
  9 vampire knights
  A war gargoyle (Vaults:5)
  20 stone giants
  2 caustic shrike skeletons (Depths:3)
  4 entropy weavers
  23 very ugly things
  15 green draconians
  6 deep elf demonologists (Elf:3)
  16 purple draconians
  8 deep elf annihilators
  Azrael (Elf:1)
  10 black draconians
  9 white draconians
  3 lorocyprocas
  6 spark wasps
  A spark wasp (shapeshifter) (Vaults:5)
  15 red draconians
  10 yellow draconians
  3 eidola
  A blizzard demon (Depths:3)
  2 quicksilver dragon zombies (Crypt:3)
  11 death oozes
  16 deep elf death magi
  18 ettins
  4 merfolk javelineers
  10 fire dragons
  A crystal guardian (Vaults:3)
  14 yaktaur captains
  14 merfolk impalers
  6 deep elf high priests
  15 great orbs of eyes
  6 rakshasas
  Josephine (Spider:1)
  2 jiangshi (Depths:3)
  A hydra (shapeshifter) (Vaults:4)
  A monstrous demonspawn (Depths:2)
  2 hydras
  2 spriggan air magi
  3 merfolk avatars
  14 ice dragons
  32 vault guards
  18 centaur warriors
  4 death knights
  An alligator snapping turtle (Zig:6)
  16 ogre magi
  55 two-headed ogres
  4 satyrs
  8 deep troll shamans
  26 dancing weapons
  10 merfolk aquamancers
  An alligator (Lair:6)
  A titan zombie (Depths:3)
  6 tengu warriors
  8 deep troll earth magi
  8 vampire magi
  6 death yaks
  5 spriggan berserkers
  Urug (D:10)
  9 orc high priests
  28 deep elf knights
  A wretched star (Abyss:3)
  4 thrashing horrors (Abyss:3)
  2 sun demons
  A storm dragon skeleton (Crypt:1)
  Nergalle (Lair:1)
  7 soul eaters
  7 iron trolls
  A spark wasp zombie (Crypt:1)
  2 titan skeletons
  38 skeletal warriors
  A sixfirhy (Abyss:3)
  4 hell knights (Depths:4)
  A salamander mystic (Depths:4)
  20 sea snakes
  A shadow demon (D:13)
  6 shadow wraiths
  5 unseen horrors
  A fire crab (shapeshifter) (Vaults:2)
  2 spatial maelstroms (Abyss:3)
  An infernal demonspawn (Orc:2)
  6 flayed ghosts
  An obsidian statue (Zig:4)
  7 gelid demonspawn
  44 deep trolls
  A ghost moth zombie (Crypt:3)
  A kraken simulacrum (Shoals:4)
  19 deep elf archers
  A swamp dragon (Lair:6)
  3 wizards
  A torturous demonspawn (Depths:1)
  Pikel (D:7)
  2 golden dragon skeletons
  2 orange crystal statues (Zig:4)
  5 glowing orange brains
  12 phantasmal warriors
  15 ironbrand convokers
  20 orc knights
  5 necromancers
  2 wolf spiders (shapeshifter)
  3 tengu zombies (Depths:3)
  77 deep elf magi
  A shadow dragon zombie (Depths:3)
  33 wolf spiders
  16 cyclopes
  2 iron dragon zombies (Crypt:3)
  A tengu skeleton (Depths:3)
  14 harpies
  34 ugly things
  2 worldbinders (Abyss:3)
  A shadow dragon skeleton (Crypt:2)
  3 shining eyes
  4 salamanders
  15 orb spiders
  An iron dragon skeleton (Depths:3)
  A manticore (shapeshifter) (Depths:1)
  14 manticores
  20 fauns
  A fire giant zombie (Abyss:3)
  11 orc sorcerers
  A salamander (shapeshifter) (Vaults:2)
  4 oklob plants (Lair:6)
  35 moths of wrath
  A frost giant zombie (Depths:3)
  A sphinx skeleton (Depths:3)
  6 black mambas
  14 merfolk sirens
  An elephant (shapeshifter) (Vaults:2)
  An ice statue (Zig:4)
  A molten gargoyle (Hell)
  4 water nymphs
  2 guardian serpents (shapeshifter) (Depths:2)
  A frost giant skeleton (Crypt:3)
  4 gargoyles
  21 vault sentinels
  A rust devil (Depths:3)
  3 smoke demons
  A black mamba (shapeshifter) (Vaults:2)
  A water nymph (shapeshifter) (Vaults:5)
  8 spiny frogs
  2 torpor snails
  An apocalypse crab (Zig:9)
  3 orange demons
  4 eyes of devastation
  Maggie (D:9)
  A spiny frog (shapeshifter) (Depths:2)
  An elf skeleton (Depths:3)
  A white draconian zombie (Crypt:1)
  2 hellions
  2 yellow draconian zombies
  A rime drake (Lair:6)
  9 freezing wraiths
  3 elf zombies
  An efreet (D:14)
  A komodo dragon (shapeshifter) (D:13)
  3 kobold demonologists (D:13)
  5 ice devils
  A yaktaur (shapeshifter) (Depths:4)
  A guardian mummy (Crypt:3)
  2 tormentors
  20 demonic crawlers
  5 komodo dragons
  2 green draconian skeletons
  5 ancient zymes (Abyss:3)
  49 yaktaurs
  A minotaur skeleton (Crypt:1)
  28 jumping spiders
  3 hellwings
  3 meliai (Lair:4)
  A yellow draconian skeleton (Crypt:2)
  5 red devils
  A death drake zombie (Crypt:2)
  5 trolls
  A meliai (shapeshifter) (Vaults:2)
  5 wind drakes
  44 merfolk
  12 polar bears
  A queen bee (Lair:4)
  10 snapping turtles
  7 hornets
  13 blink frogs
  23 hippogriffs
  A fire giant simulacrum (Vaults:2)
  66 slime creatures
  13 raiju
  A dream sheep (shapeshifter) (Depths:1)
  An ettin zombie (Crypt:3)
  A hippogriff (shapeshifter) (Vaults:3)
  An ice dragon zombie (Crypt:2)
  7 dream sheep
  A human simulacrum (Vaults:3)
  A satyr zombie (Crypt:3)
  A vampire (D:12)
  91 redbacks
  A deep troll zombie (D:15)
  5 flying skulls
  3 spriggans
  2 air elementals (Elf:2)
  4 shadows
  A tarantella (shapeshifter) (Depths:3)
  16 wraiths
  A deep troll skeleton (D:15)
  A yak (shapeshifter) (Depths:3)
  2 ynoxinuls
  25 tarantellas
  22 water elementals
  5 wyverns
  8 fire elementals
  Grum (D:10)
  8 basilisks
  5 golden eyes (Slime:1)
  2 neqoxecs (Abyss:3)
  A wind drake skeleton (Crypt:3)
  24 yaks
  A fire bat (Abyss:3)
  4 chaos spawn
  18 small abominations
  A tyrant leech zombie (Crypt:2)
  5 hungry ghosts
  2 steam dragons
  8 vampire mosquitoes
  16 large abominations
  12 wargs
  A soldier ant (D:13)
  3 spatial vortices (Abyss:3)
  2 human skeletons
  8 acid dragons
  10 insubstantial wisps (Abyss:3)
  2 floating eyes (shapeshifter)
  13 water moccasins
  A floating eye (Depths:4)
  14 hell hounds
  2 swamp drakes (Lair:6)
  11 porcupines
  A spiny frog skeleton (Crypt:3)
  4 slaves
  11 black bears (Lair:6)
  4 ice beasts
  56 orc warriors
  3 sky beasts
  A black bear (shapeshifter) (Vaults:2)
  2 ettin simulacra
  An eye of draining (shapeshifter) (D:13)
  3 necrophages
  5 phantoms
  54 ogres
  26 wolves
  13 boggarts
  33 centaurs
  4 eyes of draining
  A blink frog skeleton (Crypt:1)
  3 hog zombies
  9 crocodiles
  11 bullfrogs
  A gnoll sergeant (D:5)
  2 komodo dragon zombies
  An earth elemental (Elf:3)
  A deep troll simulacrum (Vaults:3)
  A draconian skeleton (Crypt:1)
  A wyvern zombie (D:9)
  A spiny frog simulacrum (Abyss:3)
  A cyclops skeleton (Crypt:3)
  4 scorpions
  26 killer bees
  A queen bee zombie (Crypt:1)
  A snapping turtle simulacrum (Crypt:1)
  A warg skeleton (Crypt:3)
  A troll skeleton (Crypt:1)
  21 wights
  3 electric eels
  5 howler monkeys
  A lava snake (Lair:3)
  7 centaur zombies
  3 starcursed masses (Abyss:3)
  3 bullfrog zombies
  7 hounds
  8 quasits
  7 crimson imps
  5 human zombies
  4 jellies
  2 bullfrog skeletons
  7 centaur skeletons
  2 iron imps
  36 orc priests
  A demonspawn skeleton (Crypt:3)
  Terence (D:3)
  8 iguanas
  33 orc wizards
  15 worker ants
  A porcupine skeleton (Crypt:3)
  A big kobold zombie (Ossuary)
  A hound zombie (D:6)
  An ogre skeleton (Crypt:2)
  A hound skeleton (D:11)
  17 mummies
  A worker ant zombie (D:10)
  17 adders
  9 gnolls
  A howler monkey skeleton (D:7)
  6 shadow imps
  2 white imps
  3 ufetubi (Abyss:3)
  An adder skeleton (D:3)
  5 worms
  6 leopard geckos
  108 orcs
  2 ball pythons
  8 bats
  4 giant cockroaches
  6 goblins
  4 hobgoblins
  4 jackals
  5 quokkas
  6 frilled lizards
  2 goblin zombies (Ossuary)
  10 kobolds
  2 kobold zombies (Ossuary)
  An orc skeleton (Crypt:2)
  3 orc zombies
  7 rats
  27 crawling corpses
  A fire vortex (Lair:3)
  2 fungi (Lair:6)
  19 plants
  6 tentacles
3042 creatures vanquished.

Vanquished Creatures (collateral kills)
  An acid blob (Slime:5)
  A deep elf demonologist (Vaults:5)
  A large abomination (Zig:9)
  2 shining eyes
  A merfolk siren (Shoals:2)
6 creatures vanquished.

Vanquished Creatures (others)
  A fire giant (Depths:1)
  A frost giant (Vaults:5)
  A draconian scorcher (Depths:5)
  A draconian shifter (Zot:2)
  A yaktaur captain (Vaults:5)
  A deep elf knight (Elf:2)
  An unseen horror (D:13)
  A glowing orange brain (Vaults:5)
  2 deep elf archers
  An orb spider (Spider:4)
  3 yaktaurs
  A merfolk (Shoals:3)
  2 fire bats (Abyss:3)
  An acid dragon (Vaults:2)
  A hell hound (Elf:1)
  5 centaurs
  A crocodile (Lair:6)
  An orc (Orc:2)
  A frilled lizard (D:2)
  A bush (Depths:3)
  2 fungi
  A lurking horror (Abyss:3)
  36 plants
  2 starspawn tentacles (Abyss:3)
  13 tentacles
  7 withered plants
89 creatures vanquished.

Grand Total: 3137 creatures vanquished

Notes
Turn   | Place    | Note
-------+----------+-------------------------------------------
     0 | D:1      | mopl the Barachi Fighter began the quest for the Orb.
     0 | D:1      | Reached XP level 1. HP: 18/18 MP: 1/1
    82 | D:1      | Reached XP level 2. HP: 24/25 MP: 2/2
   311 | D:1      | You fall into a shaft and drop 1 floor!
   350 | D:2      | Reached skill level 4 in Fighting
   350 | D:2      | Reached skill level 3 in Axes
   350 | D:2      | Reached skill level 4 in Armour
   350 | D:2      | Reached XP level 3. HP: 23/30 MP: 3/3
   784 | D:2      | Found a bloodstained altar of Trog.
   938 | D:2      | Reached XP level 4. HP: 18/37 MP: 4/4
  1295 | D:2      | Found a basalt altar of Yredelemnul.
  1296 | D:2      | Noticed a profane servitor
  1311 | D:2      | Found a glowing golden altar of the Shining One.
  1312 | D:2      | Noticed an angel
  1500 | D:3      | Found an ornate altar of the Wu Jian Council.
  1574 | D:3      | Reached skill level 4 in Axes
  1621 | D:3      | You fall into a shaft and drop 1 floor!
  1687 | D:4      | Found a shattered altar of Ashenzari.
  1695 | D:4      | Reached XP level 5. HP: 34/43 MP: 5/5
  1763 | D:4      | Found a sand-covered staircase.
  1768 | Ossuary  | Entered an ossuary
  1916 | Ossuary  | Reached skill level 5 in Fighting
  1916 | Ossuary  | Reached skill level 5 in Axes
  1916 | Ossuary  | Reached skill level 5 in Armour
  1916 | Ossuary  | Reached XP level 6. HP: 36/51 MP: 6/6
  2181 | D:4      | Noticed a phantom
  2198 | D:4      | Killed a phantom
  2292 | D:3      | Noticed Terence
  2300 | D:3      | Killed Terence
  2469 | D:3      | Found an ancient bone altar of Kikubaaqudgha.
  2608 | D:3      | Found a burning altar of Makhleb.
  2731 | D:3      | Found an ancient bone altar of Kikubaaqudgha.
  3039 | D:4      | Reached XP level 7. HP: 51/56 MP: 7/7
  3089 | D:4      | Reached skill level 6 in Axes
  3411 | D:4      | Reached skill level 6 in Fighting
  3411 | D:4      | Reached skill level 6 in Armour
  3624 | D:5      | Entered Level 5 of the Dungeon
  3735 | D:5      | Reached skill level 7 in Axes
  3748 | D:4      | Reached XP level 8. HP: 29/65 MP: 8/8
  4333 | D:5      | Found a staircase to the Ecumenical Temple.
  4339 | Temple   | Entered the Ecumenical Temple
  4350 | Temple   | Became a worshipper of Cheibriados the Contemplative
  4399 | D:5      | Found a shimmering altar of Xom.
  4472 | D:5      | Reached skill level 1 in Invocations
  4773 | D:6      | Reached skill level 7 in Fighting
  4773 | D:6      | Reached skill level 8 in Axes
  4773 | D:6      | Reached skill level 7 in Armour
  4800 | D:6      | Reached skill level 2 in Invocations
  4947 | D:6      | Reached XP level 9. HP: 71/72 MP: 10/10
  4990 | D:6      | Got a shimmering helmet
  5001 | D:6      | Identified the +2 helmet of the Thinker {Str+3 Int+2} (You
                  | found it on level 6 of the Dungeon)
  5101 | D:6      | Found a shadowy altar of Dithmenos.
  5152 | D:6      | Found a sacrificial altar of Ru.
  5161 | D:6      | Reached * piety under Cheibriados
  5173 | D:6      | Reached skill level 3 in Invocations
  5410 | D:6      | Reached skill level 1 in Throwing
  5570 | D:6      | Reached skill level 9 in Axes
  5585 | D:7      | Found an opulent altar of Gozag.
  5695 | D:7      | Got a translucent scale mail
  5706 | D:7      | Identified the cursed +1 scale mail of Hoxte {*Slow rElec
                  | Str+6 Dex+3} (You found it on level 7 of the Dungeon)
  5715 | D:7      | Reached ** piety under Cheibriados
  5848 | D:7      | Noticed Pikel
  5861 | D:7      | Killed Pikel
  5861 | D:7      | Reached skill level 8 in Fighting
  5861 | D:7      | Reached skill level 2 in Throwing
  5861 | D:7      | Reached skill level 8 in Armour
  5861 | D:7      | Reached skill level 4 in Invocations
  6168 | D:8      | Reached XP level 10. HP: 64/81 MP: 13/13
  6237 | D:8      | Reached skill level 10 in Axes
  6237 | D:8      | Reached skill level 3 in Throwing
  6237 | D:8      | Reached skill level 5 in Invocations
  6415 | D:8      | Found a sparkling altar of Nemelex Xobeh.
  6930 | D:8      | Noticed a two-headed ogre
  6939 | D:8      | Killed a two-headed ogre
  7023 | D:8      | Found a hazy altar of Hepliaklqana.
  7331 | D:9      | Reached *** piety under Cheibriados
  7345 | D:9      | Found a staircase to the Lair.
  7345 | D:9      | Noticed Maggie
  7359 | D:9      | Killed Maggie
  7359 | D:9      | Reached skill level 9 in Fighting
  7359 | D:9      | Reached skill level 6 in Invocations
  7383 | D:9      | Reached skill level 4 in Throwing
  7389 | D:9      | Reached skill level 9 in Armour
  7392 | D:9      | Reached XP level 11. HP: 54/89 MP: 15/15
  7566 | D:9      | Reached skill level 11 in Axes
  7714 | D:9      | Reached **** piety under Cheibriados
  7938 | D:10     | Entered Level 10 of the Dungeon
  7938 | D:10     | Found a staircase to the Orcish Mines.
  7939 | D:10     | Noticed Grum
  7956 | D:10     | Killed Grum
  7973 | D:10     | Noticed a two-headed ogre
  7991 | D:10     | Killed a two-headed ogre
  7991 | D:10     | Reached skill level 7 in Invocations
  8258 | D:10     | Noticed Urug
  8269 | D:10     | Killed Urug
  8484 | D:10     | Reached skill level 5 in Throwing
  8667 | D:10     | Killed an unseen horror
  8887 | Lair:1   | Entered Level 1 of the Lair of Beasts
  8907 | Lair:1   | Noticed Gastronok
  8921 | Lair:1   | Killed Gastronok
  8934 | Lair:1   | Reached skill level 10 in Fighting
  9119 | Lair:1   | Reached skill level 12 in Axes
  9133 | Lair:1   | Reached skill level 8 in Invocations
  9138 | Lair:1   | Reached skill level 10 in Armour
  9141 | Lair:1   | Reached ***** piety under Cheibriados
  9145 | Lair:1   | Reached XP level 12. HP: 54/97 MP: 18/18
  9426 | Lair:1   | Noticed Nergalle
  9447 | Lair:1   | Killed Nergalle
  9626 | Lair:1   | Reached skill level 1 in Dodging
 10086 | Lair:1   | Found the +8 whip "Snakebite" {curare, rPois}
 10497 | Lair:2   | Reached skill level 6 in Throwing
 10646 | Lair:2   | Reached skill level 2 in Dodging
 11408 | Lair:3   | Noticed Rupert
 11447 | Lair:3   | Paralysed by Rupert for 3 turns
 11461 | Lair:4   | Noticed a death yak
 11461 | Lair:4   | Noticed a death yak
 11461 | Lair:4   | Noticed a death yak
 11461 | Lair:4   | Noticed a death yak
 11461 | Lair:4   | Noticed a death yak
 11461 | Lair:4   | Noticed a death yak
 11473 | Lair:3   | Killed a death yak
 11529 | Lair:3   | Reached skill level 9 in Invocations
 11670 | Lair:4   | Killed a death yak
 11670 | Lair:4   | Reached skill level 3 in Dodging
 11676 | Lair:4   | Killed a death yak
 11680 | Lair:4   | Killed a death yak
 11680 | Lair:4   | Reached skill level 13 in Axes
 11683 | Lair:4   | Killed a death yak
 11687 | Lair:4   | Killed a death yak
 11699 | Lair:4   | Found a staircase to the Shoals.
 11703 | Lair:4   | Gained mutation: You can hop long distances. [Barachi
                  | growth]
 11703 | Lair:4   | Reached XP level 13. HP: 96/105 MP: 15/20
 11784 | Lair:4   | Noticed Snorg
 11790 | Lair:4   | Snorg changed into something unseen
 11792 | Lair:4   | Killed Snorg the unseen horror
 11792 | Lair:4   | Reached skill level 11 in Fighting
 11792 | Lair:4   | Reached skill level 4 in Dodging
 11818 | Lair:4   | Reached skill level 11 in Armour
 11872 | Lair:4   | Reached skill level 7 in Throwing
 12338 | Lair:5   | HP: 5/106 [black mamba (6)]
 12627 | Lair:5   | Reached skill level 10 in Invocations
 12739 | Lair:5   | Reached ****** piety under Cheibriados
 13389 | Lair:6   | Entered Level 6 of the Lair of Beasts
 13663 | Lair:6   | Reached skill level 5 in Dodging
 13716 | Lair:6   | Reached skill level 14 in Axes
 13947 | Lair:6   | Reached XP level 14. HP: 113/113 MP: 21/21
 14254 | Lair:6   | Reached skill level 8 in Throwing
 14526 | Lair:6   | Reached skill level 6 in Dodging
 14587 | Lair:6   | Reached skill level 11 in Invocations
 14793 | Lair:6   | Found the +7 Kryia's mail coat {PotionHeal*2 rC+}
 14906 | Lair:6   | Found a staircase to the Slime Pits.
 14908 | Lair:6   | Found a viscous altar of Jiyva.
 15288 | D:11     | Reached skill level 12 in Fighting
 15288 | D:11     | Reached skill level 12 in Armour
 15431 | D:11     | Found a radiant altar of Vehumet.
 16070 | Orc:1    | Entered Level 1 of the Orcish Mines
 16377 | Orc:1    | Found a runed translucent door.
 16422 | Orc:1    | Noticed Dysch's ghost (adept OpEn)
 16796 | Orc:2    | Entered Level 2 of the Orcish Mines
 17196 | Orc:2    | Found a staircase to the Elven Halls.
 17342 | Orc:2    | Reached skill level 15 in Axes
 17497 | Orc:2    | Reached skill level 7 in Dodging
 17522 | Orc:2    | Reached XP level 15. HP: 111/122 MP: 23/23
 17564 | Orc:2    | Noticed an orc warlord
 17588 | Orc:2    | Killed an orc warlord
 17871 | Orc:2    | Identified the +5 chain mail of Melancholy {rN+ Dex+3}
 17890 | Orc:2    | Reached skill level 9 in Throwing
 18016 | Orc:2    | Found Fotryi's Magic Scroll Shop.
 18052 | Orc:2    | Found Togheb's General Store.
 18271 | Orc:2    | Reached skill level 12 in Invocations
 19183 | Orc:2    | Found Totehi's Gadget Emporium.
 19183 | Orc:2    | Found a one-way gate leading to the halls of Pandemonium.
 19183 | Orc:2    | Found Jawoh's Antique Weapon Shoppe.
 19260 | Orc:2    | Bought a scroll of magic mapping for 42 gold pieces
 19260 | Orc:2    | Bought 3 scrolls of identify for 72 gold pieces
 19260 | Orc:2    | Bought a scroll of fear for 42 gold pieces
 19260 | Orc:2    | Bought a scroll of teleportation for 36 gold pieces
 19260 | Orc:2    | Bought a scroll of identify for 24 gold pieces
 19260 | Orc:2    | Bought a scroll of identify for 24 gold pieces
 19260 | Orc:2    | Bought 2 scrolls of teleportation for 72 gold pieces
 19262 | Orc:2    | Bought a scroll of teleportation for 48 gold pieces
 19262 | Orc:2    | Bought a scroll of teleportation for 48 gold pieces
 19262 | Orc:2    | Bought a wand of paralysis (12) for 224 gold pieces
 19375 | D:12     | Identified a scroll of acquirement
 20285 | D:13     | Learned a level 1 spell: Apportation
 20287 | D:13     | Learned a level 1 spell: Summon Butterflies
 20291 | D:13     | Learned a level 3 spell: Lesser Beckoning
 20406 | D:13     | Reached skill level 8 in Dodging
 20641 | D:13     | Reached skill level 13 in Fighting
 20644 | D:13     | Reached skill level 1 in Translocations
 20656 | D:13     | Reached skill level 13 in Armour
 20689 | D:13     | Found a gate to the Vaults.
 20969 | D:14     | Reached skill level 16 in Axes
 20985 | D:14     | Reached XP level 16. HP: 99/130 MP: 25/25
 21183 | D:14     | Reached skill level 2 in Translocations
 21539 | D:14     | Found Heuddeus's Jewellery Shop.
 21549 | D:14     | Bought a cursed ring of teleportation for 54 gold pieces
 21549 | D:14     | Bought a cursed ring of attention for 54 gold pieces
 21951 | D:15     | Entered Level 15 of the Dungeon
 21951 | D:15     | Found a staircase to the Depths.
 22170 | D:14     | Reached skill level 3 in Translocations
 22379 | D:15     | Reached skill level 10 in Throwing
 22448 | D:15     | Reached skill level 13 in Invocations
 22910 | D:15     | Reached skill level 9 in Dodging
 23006 | D:15     | Reached skill level 4 in Translocations
 23689 | Lair:3   | Killed Rupert
 23695 | Lair:3   | Found a hole to the Spider Nest.
 23942 | Lair:3   | Reached XP level 17. HP: 138/138 MP: 25/27
 24223 | Depths:1 | Entered Level 1 of the Depths
 24223 | Depths:1 | Found Qokauly's Mayhem Merchandise.
 24229 | Depths:1 | Found Wiojit's Book Shoppe.
 24543 | Depths:1 | Found a gateway to Hell.
 24802 | Depths:1 | Cast into level 3 of the Abyss (a wizard)
 24852 | Abyss:3  | Reached skill level 17 in Axes
 24881 | Abyss:3  | Reached skill level 5 in Translocations
 24938 | Abyss:3  | Noticed a tentacled starspawn
 24945 | Abyss:3  | Killed a tentacled starspawn
 24945 | Abyss:3  | Reached XP level 18. HP: 136/145 MP: 28/28
 25101 | Abyss:3  | HP: 7/145 [hellion/damnation (27)]
 25299 | Depths:1 | Escaped the Abyss
 25485 | Elf:1    | Entered Level 1 of the Elven Halls
 25508 | Elf:1    | Reached skill level 14 in Fighting
 25531 | Elf:1    | Reached skill level 14 in Armour
 25703 | Elf:1    | Noticed Azrael
 25722 | Elf:1    | Killed Azrael
 26872 | Elf:1    | Upgraded the game from 0.25-a0-513-ge77a69270c to
                  | 0.25-a0-517-gf8b3a32422
 27105 | Elf:2    | Reached skill level 10 in Dodging
 27121 | Elf:2    | Reached skill level 6 in Translocations
 27124 | Elf:2    | Reached skill level 1 in Stealth
 27124 | Elf:2    | Reached skill level 14 in Invocations
 27720 | Elf:2    | Reached skill level 2 in Stealth
 27727 | Elf:2    | Reached skill level 11 in Throwing
 27739 | Elf:2    | Found a runed translucent gate.
 27739 | Elf:2    | Found a runed translucent gate.
 27745 | Elf:2    | Found a runed translucent gate.
 28168 | Elf:2    | Reached skill level 1 in Summonings
 28201 | Elf:2    | Reached skill level 3 in Stealth
 28205 | Elf:2    | Reached XP level 19. HP: 153/153 MP: 29/29
 28314 | Elf:2    | Reached skill level 2 in Summonings
 28326 | Elf:2    | Reached skill level 7 in Translocations
 28669 | Elf:3    | Entered Level 3 of the Elven Halls
 28700 | Elf:3    | Reached skill level 18 in Axes
 29202 | Elf:3    | Found an ancient bone altar of Kikubaaqudgha.
 29239 | Elf:3    | Reached skill level 3 in Summonings
 29443 | Elf:3    | Reached skill level 4 in Stealth
 29817 | Spider:1 | Entered Level 1 of the Spider Nest
 30530 | Spider:1 | Noticed Josephine
 30531 | Spider:1 | Reached skill level 11 in Dodging
 30531 | Spider:1 | Reached skill level 4 in Summonings
 30534 | Spider:1 | Reached skill level 15 in Fighting
 30541 | Spider:1 | Killed Josephine
 31040 | Spider:2 | Reached skill level 15 in Armour
 31107 | Spider:2 | Reached skill level 8 in Translocations
 31250 | Spider:2 | Noticed Arachne
 31264 | Spider:2 | Killed Arachne
 31264 | Spider:2 | Reached skill level 5 in Stealth
 31524 | Spider:3 | Got a twisted scimitar
 31534 | Spider:3 | Identified the +5 scimitar of Wounding {freeze, +Inv Str+2}
                  | (You found it on level 3 of the Spider Nest)
 31567 | Spider:3 | Reached skill level 1 in Evocations
 31572 | Spider:3 | Reached skill level 5 in Summonings
 31904 | Spider:3 | Reached skill level 2 in Evocations
 32046 | Spider:3 | Reached skill level 12 in Throwing
 32271 | Spider:4 | Entered Level 4 of the Spider Nest
 32290 | Spider:3 | Reached XP level 20. HP: 97/162 MP: 30/30
 32934 | Spider:4 | Found the +8 orange crystal plate armour {Archmagi, Int+3
                  | Clar}
 32991 | Spider:4 | Reached skill level 3 in Evocations
 33176 | Spider:4 | Reached skill level 6 in Stealth
 33193 | Spider:4 | Reached skill level 1 in Spellcasting
 33370 | Spider:4 | Got a gossamer rune of Zot
 33732 | Lair:1   | Learned a level 5 spell: Yara's Violent Unravelling
 33739 | Lair:1   | Learned a level 6 spell: Deflect Missiles
 33829 | Shoals:1 | Entered Level 1 of the Shoals
 33909 | Shoals:1 | Upgraded the game from 0.25-a0-517-gf8b3a32422 to
                  | 0.25-a0-528-g6b7c99946c
 33990 | Shoals:1 | Reached skill level 9 in Translocations
 34277 | Shoals:1 | Reached skill level 2 in Spellcasting
 34305 | Shoals:1 | You fall into a shaft and drop 1 floor!
 34312 | Shoals:2 | Reached skill level 4 in Evocations
 34364 | Shoals:2 | Noticed Ilsuiw
 34398 | Shoals:2 | Found Jeemy's Antique Weapon Shop.
 34463 | Shoals:2 | Killed Ilsuiw
 34463 | Shoals:2 | Reached skill level 6 in Summonings
 34563 | Shoals:2 | Reached skill level 12 in Dodging
 35749 | Shoals:3 | Found Zefoag's Antique Armour Shop.
 35865 | Shoals:3 | Reached skill level 3 in Spellcasting
 36135 | Shoals:3 | Reached skill level 5 in Evocations
 36255 | Shoals:3 | Found Suir's Food Emporium.
 36413 | Shoals:3 | Reached XP level 21. HP: 130/170 MP: 31/31
 36468 | Shoals:3 | Reached skill level 7 in Stealth
 36656 | Shoals:4 | Entered Level 4 of the Shoals
 36687 | Shoals:4 | Reached skill level 16 in Fighting
 36737 | Shoals:4 | Reached skill level 1 in Hexes
 36758 | Shoals:4 | Reached skill level 7 in Summonings
 37144 | Shoals:4 | Cast into level 3 of the Abyss (merfolk javelineer)
 37166 | Abyss:3  | Identified the +2 rapier of the Evening {flame, rElec
                  | Int+5} (You found it on level 3 of the Abyss)
 37196 | Abyss:3  | Gained mutation: You occasionally shout uncontrollably at
                  | your foes. [a neqoxec]
 37199 | Abyss:3  | Reached skill level 2 in Hexes
 37244 | Abyss:3  | Noticed a bone dragon
 37263 | Abyss:3  | Killed a bone dragon
 37322 | Abyss:3  | Reached skill level 16 in Armour
 37345 | Abyss:3  | Reached skill level 4 in Spellcasting
 37505 | Abyss:3  | Reached skill level 3 in Hexes
 37514 | Abyss:3  | Gained mutation: You expend magic power (3 MP) to
                  | strengthen your wands. [a neqoxec]
 37516 | Abyss:3  | Identified the Catalogue of the Slime-mould
 37729 | Shoals:4 | Escaped the Abyss
 37729 | Shoals:4 | HP: 7/171 [merfolk impaler/+3 trident of freezing (11)]
 38253 | Shoals:4 | Reached skill level 4 in Hexes
 38429 | Shoals:4 | Reached skill level 6 in Evocations
 38505 | Shoals:4 | Reached skill level 10 in Translocations
 38530 | Shoals:4 | Got a barnacled rune of Zot
 39130 | Vaults:1 | Entered Level 1 of the Vaults
 39402 | Vaults:1 | Reached skill level 5 in Hexes
 39681 | Vaults:1 | Reached skill level 8 in Summonings
 40110 | Vaults:1 | Reached skill level 13 in Throwing
 40116 | Vaults:1 | Reached skill level 8 in Stealth
 40239 | Vaults:2 | Reached skill level 6 in Hexes
 40298 | Vaults:2 | Reached XP level 22. HP: 160/179 MP: 32/32
 40567 | Vaults:2 | Reached skill level 7 in Evocations
 40890 | Vaults:2 | Found Venaps's General Store.
 40910 | Vaults:2 | Reached skill level 13 in Dodging
 40912 | Vaults:2 | Reached skill level 7 in Hexes
 41131 | Vaults:2 | Found a staircase to the Crypt.
 41906 | Vaults:3 | Identified Icoot's Catalogue of Quantum Flight
 41938 | Vaults:3 | Reached skill level 8 in Hexes
 41947 | Vaults:3 | Learned a level 2 spell: Blink
 41951 | Vaults:3 | Learned a level 3 spell: Tukima's Dance
 42156 | Vaults:3 | Reached skill level 11 in Translocations
 42198 | Vaults:3 | Reached skill level 8 in Evocations
 42273 | Vaults:3 | Reached skill level 19 in Axes
 42280 | Vaults:3 | Reached skill level 9 in Stealth
 42470 | Vaults:3 | Found Ton Wufo's Armour Shoppe.
 42507 | Vaults:3 | Noticed Boris
 42524 | Vaults:3 | Killed Boris
 42562 | Vaults:3 | You fall into a shaft and drop 1 floor!
 42617 | Vaults:4 | Reached skill level 17 in Fighting
 42621 | Vaults:4 | Reached skill level 9 in Hexes
 42836 | Vaults:4 | Reached XP level 23. HP: 164/187 MP: 33/33
 43068 | Vaults:4 | Reached skill level 17 in Armour
 43359 | Vaults:4 | Identified the ring of Jywuppuf {Wiz rElec rF+ rC++ Dex-5}
                  | (You found it on level 4 of the Vaults)
 44748 | Vaults:4 | Reached skill level 10 in Hexes
 45046 | Vaults:4 | Noticed Mara
 45047 | Vaults:4 | Noticed mopl's illusion
 45066 | Vaults:4 | Killed Mara
 45066 | Vaults:4 | Reached skill level 9 in Evocations
 45536 | Crypt:1  | Entered Level 1 of the Crypt
 45791 | Crypt:1  | Noticed Boris
 45808 | Crypt:1  | Killed Boris
 45808 | Crypt:1  | Reached skill level 14 in Throwing
 46361 | Crypt:1  | Paralysed by a vampire knight for 3 turns
 47377 | Depths:1 | Reached skill level 14 in Dodging
 47402 | Depths:1 | Reached skill level 10 in Stealth
 47410 | Depths:1 | Reached skill level 12 in Translocations
 48010 | Depths:1 | Reached skill level 11 in Hexes
 48186 | Depths:2 | Found a gateway to a ziggurat.
 48198 | Depths:2 | Reached XP level 24. HP: 189/195 MP: 33/33
 48525 | Depths:2 | Reached skill level 10 in Evocations
 48718 | Depths:2 | Reached skill level 12 in Hexes
 49213 | Depths:2 | Reached skill level 18 in Fighting
 49232 | Depths:2 | Paralysed by a great orb of eyes for 4 turns
 49809 | Depths:2 | Reached skill level 18 in Armour
 50897 | Depths:3 | Found Vaoliab's Magic Scroll Shop.
 50907 | Depths:3 | Bought a scroll of acquirement for 728 gold pieces
 50907 | Depths:3 | Identified the +0 pair of boots of the Hanged Man {rElec}
                  | (You acquired it on level 3 of the Depths)
 50911 | Depths:3 | Bought a scroll of fear for 49 gold pieces
 50911 | Depths:3 | Bought a scroll of silence for 105 gold pieces
 50911 | Depths:3 | Bought a scroll of identify for 28 gold pieces
 50911 | Depths:3 | Bought 2 scrolls of identify for 56 gold pieces
 50911 | Depths:3 | Bought a scroll of identify for 28 gold pieces
 50918 | Depths:3 | Noticed Xtahua
 50938 | Depths:3 | Killed Xtahua
 51346 | Depths:3 | Reached skill level 13 in Translocations
 51361 | Depths:3 | Reached skill level 13 in Hexes
 51381 | Depths:3 | Reached XP level 25. HP: 36/204 MP: 29/33
 51388 | Depths:3 | Reached skill level 20 in Axes
 51420 | Depths:3 | Reached skill level 15 in Dodging
 51788 | Depths:3 | Upgraded the game from 0.25-a0-528-g6b7c99946c to
                  | 0.25-a0-549-g6e6e6501ad
 51837 | Depths:4 | Found a one-way gate to the infinite horrors of the Abyss.
 51883 | Depths:4 | Reached skill level 15 in Throwing
 52385 | Depths:4 | Paralysed by a floating eye for 3 turns
 52432 | Depths:4 | Noticed a juggernaut
 53568 | Depths:4 | Reached skill level 14 in Hexes
 53647 | Depths:4 | Killed a juggernaut
 53975 | Depths:5 | Entered Level 5 of the Depths
 54170 | Depths:5 | Upgraded the game from 0.25-a0-549-g6e6e6501ad to
                  | 0.25-a0-565-g8875c97ebb
 54237 | Depths:5 | Found Teteos's Assorted Antiques.
 54262 | Depths:5 | Found a gate to the Realm of Zot.
 54285 | Depths:5 | Reached skill level 14 in Translocations
 54608 | Depths:5 | Reached skill level 19 in Fighting
 54633 | Depths:5 | Bought a potion of curing for 135 gold pieces
 55314 | Orc:1    | Killed Dysch's ghost
 55323 | Orc:1    | Identified the Guide on Summoning and Dislocation
 55471 | Elf:3    | Reached skill level 19 in Armour
 55479 | Elf:3    | Reached XP level 26. HP: 208/215 MP: 33/33
 56030 | Elf:3    | Reached skill level 16 in Dodging
 56259 | Elf:3    | Identified the cursed +0 robe "Yhukeev" {rF+}
 56328 | Elf:3    | Identified the +4 scale mail of Eternal Vigilance {-Tele
                  | rElec rC- Stlth+} (You found it on level 3 of the Elven
                  | Halls)
 56399 | Elf:3    | Found the amulet of Vitality {Regen+ HP+15}
 56405 | Elf:3    | Identified the +8 chain mail "Kiohonio" {*Corrode rElec rF+
                  | Dex+2} (You found it on level 3 of the Elven Halls)
 56416 | Elf:3    | Identified the Incunabulum of Helpful Transmigration
 56824 | Slime:1  | Entered Level 1 of the Pits of Slime
 57314 | Vaults:3 | Bought a +1 kite shield of positive energy for 216 gold
                  | pieces
 57314 | Vaults:3 | Bought a +0 pair of gloves of archery for 184 gold pieces
 57671 | Crypt:2  | Reached skill level 15 in Hexes
 58068 | Crypt:2  | Found a basalt altar of Yredelemnul.
 58310 | Crypt:3  | Entered Level 3 of the Crypt
 58328 | Crypt:3  | Reached skill level 16 in Throwing
 58544 | Crypt:3  | Learned a level 4 spell: Passage of Golubria
 58549 | Crypt:3  | Learned a level 4 spell: Cause Fear
 58780 | Crypt:3  | Found a staircase to the Tomb.
 58842 | Crypt:3  | Reached skill level 1 in Transmutations
 58947 | Crypt:3  | Reached skill level 11 in Stealth
 58948 | Crypt:3  | Reached skill level 2 in Transmutations
 59255 | Crypt:3  | Reached XP level 27. HP: 91/223 MP: 32/33
 59544 | Crypt:3  | Reached skill level 21 in Axes
 59642 | Crypt:3  | Noticed an ancient lich
 59642 | Crypt:3  | Noticed an ancient lich
 59658 | Crypt:3  | Identified the Volume of Companions
 59683 | Crypt:3  | Paralysed by a lich for 6 turns
 59698 | Crypt:3  | Killed an ancient lich
 59698 | Crypt:3  | Reached skill level 3 in Transmutations
 59851 | Crypt:3  | Reached skill level 15 in Translocations
 59854 | Crypt:3  | Killed an ancient lich
 59876 | Crypt:3  | Identified the cursed +2 hunting sling "Yhouhuist" {vorpal,
                  | Fragile MP-9 SInv Stlth+} (You found it on level 3 of the
                  | Crypt)
 59880 | Crypt:3  | Identified the ring of the Coward {rElec rC+ Str-4 Dex+6}
                  | (You found it on level 3 of the Crypt)
 60500 | Vaults:5 | Entered Level 5 of the Vaults
 60559 | Vaults:4 | Reached skill level 4 in Transmutations
 60622 | Vaults:5 | Noticed an ancient lich
 60709 | Vaults:4 | Reached skill level 5 in Spellcasting
 60765 | Vaults:4 | Killed an ancient lich
 60863 | Vaults:5 | Reached skill level 20 in Fighting
 61042 | Vaults:5 | Reached skill level 20 in Armour
 61043 | Vaults:5 | Reached skill level 5 in Transmutations
 61159 | Vaults:5 | Reached skill level 17 in Dodging
 61259 | Vaults:5 | Learned a level 5 spell: Aura of Abjuration
 61364 | Vaults:5 | Reached skill level 6 in Spellcasting
 61408 | Vaults:5 | Identified the +1 war axe "Codet" {flame, Stlth+}
 61455 | Vaults:5 | Reached skill level 12 in Stealth
 61471 | Vaults:5 | Reached skill level 6 in Transmutations
 61478 | Vaults:5 | Identified the +4 scythe "Emenkuwn" {venom, rF- Int+3
                  | Stlth+}
 61485 | Vaults:5 | Reached skill level 9 in Summonings
 61920 | Vaults:5 | Reached skill level 7 in Transmutations
 62132 | Vaults:5 | Identified the Compendium of the Oath and the Rocks
 62137 | Vaults:5 | Got a silver rune of Zot
 62140 | Vaults:5 | Identified the +7 longbow "Kedghe" {venom, Int+2} (You
                  | found it on level 5 of the Vaults)
 62202 | Vaults:5 | Reached skill level 17 in Throwing
 62437 | Vaults:5 | Learned a level 4 spell: Summon Lightning Spire
 62730 | Hell     | Entered the Vestibule of Hell
 62730 | Hell     | Noticed Geryon
 62751 | Hell     | Killed Geryon
 62766 | Hell     | Reached skill level 1 in Air Magic
 63592 | Slime:3  | Gained mutation: You tend to lose your temper in combat. [a
                  | shining eye]
 63636 | Slime:4  | Upgraded the game from 0.25-a0-565-g8875c97ebb to
                  | 0.25-a0-578-gc91f01c39c
 63670 | Slime:5  | Entered Level 5 of the Pits of Slime
 63683 | Slime:5  | Reached skill level 2 in Air Magic
 63739 | Slime:5  | Reached skill level 16 in Translocations
 63979 | Slime:3  | Reached skill level 3 in Air Magic
 64135 | Slime:4  | Gained mutation: You often lose your temper in combat. [a
                  | shining eye]
 64257 | Slime:5  | Found a viscous altar of Jiyva.
 64258 | Slime:5  | Noticed the Royal Jelly
 64275 | Slime:5  | Gained mutation: You are frail. (-10% HP) [a shining eye]
 64283 | Slime:5  | Killed the Royal Jelly
 64283 | Slime:5  | Reached skill level 10 in Summonings
 64283 | Slime:5  | Reached skill level 4 in Air Magic
 64315 | Slime:5  | Identified the Papyrus of Ice and Unholy Rituals
 64325 | Slime:5  | Identified the ring of Icurgh {+Fly rF- rN+ Dex+3 Slay+4}
                  | (You found it on level 5 of the Pits of Slime)
 64334 | Slime:5  | Lost mutation: You expend magic power (3 MP) to strengthen
                  | your wands. [potion of mutation]
 64334 | Slime:5  | Lost mutation: You often lose your temper in combat.
                  | [potion of mutation]
 64334 | Slime:5  | Gained mutation: You have large cloven feet. [potion of
                  | mutation]
 64334 | Slime:5  | Gained mutation: You are surrounded by a mild repulsion
                  | field. (EV +2) [potion of mutation]
 64384 | Slime:5  | Identified the +5 chain mail of Mental Paralysis {rElec rN+
                  | MR++ Str-2} (You found it on level 5 of the Pits of Slime)
 64389 | Slime:5  | Lost mutation: You tend to lose your temper in combat.
                  | [potion of mutation]
 64389 | Slime:5  | Lost mutation: You are frail. (-10% HP) [potion of
                  | mutation]
 64389 | Slime:5  | Lost mutation: You are surrounded by a mild repulsion
                  | field. (EV +2) [potion of mutation]
 64389 | Slime:5  | Gained mutation: You tend to lose your temper in combat.
                  | [potion of mutation]
 64389 | Slime:5  | Gained mutation: You are partially covered in yellow
                  | scales. (AC +2) [potion of mutation]
 64389 | Slime:5  | Gained mutation: You are partially covered in molten
                  | scales. (AC +2) [potion of mutation]
 64391 | Slime:5  | Got a fine turquoise ring
 64392 | Slime:5  | Identified the ring "Zyivuak" {rPois rF- MR++ MP+9 Slay+4}
                  | (You found it on level 5 of the Pits of Slime)
 64449 | Slime:5  | Got a slimy rune of Zot
 64457 | Slime:5  | Identified the +9 rapier of Honesty {drain, rC+ Str+2
                  | Dex-2} (You found it on level 5 of the Pits of Slime)
 64502 | Slime:5  | Identified the +1 robe of Weirdness {rC+ Regen+ rCorr
                  | Int-4} (You found it on level 5 of the Pits of Slime)
 64731 | Lair:1   | mopl: !lg * ba won sk=translocations
 64731 | Lair:1   | meem: 7. n103509 the Plane Walker (L27 BaGl of Dithmenos),
                  | escaped with the Orb and 15 runes on 2018-05-03 16:55:18,
                  | with 22737960 points after 66502 turns and 4:22:29.
 64981 | Zot:1    | Entered Level 1 of the Realm of Zot
 65095 | Zot:1    | Reached skill level 4 in Shields
 65290 | Zot:1    | Reached skill level 5 in Shields
 65311 | Zot:1    | Reached skill level 17 in Translocations
 65487 | Zot:1    | Reached skill level 6 in Shields
 65526 | Zot:1    | Reached skill level 7 in Shields
 65553 | Zot:1    | Reached skill level 18 in Translocations
 65705 | Zot:1    | Reached skill level 8 in Shields
 66143 | Zot:2    | Noticed an orb of fire
 66263 | Zot:2    | Gained mutation: You can translocate small distances at
                  | will. [an orb of fire]
 66269 | Zot:2    | Killed an orb of fire
 66269 | Zot:2    | Reached skill level 9 in Shields
 66271 | Zot:2    | Reached skill level 19 in Translocations
 66370 | Zot:2    | Noticed an orb of fire
 66391 | Zot:2    | Killed an orb of fire
 66506 | Zot:2    | Reached skill level 10 in Shields
 66525 | Zot:2    | Noticed an orb of fire
 66530 | Zot:2    | Gained mutation: You sometimes yell uncontrollably at your
                  | foes. [an orb of fire]
 66534 | Zot:2    | Gained mutation: You frequently scream uncontrollably at
                  | your foes. [an orb of fire]
 66536 | Zot:2    | Gained mutation: You often lose your temper in combat. [an
                  | orb of fire]
 66542 | Zot:2    | Killed an orb of fire
 66567 | Zot:2    | Reached skill level 20 in Translocations
 67243 | Depths:1 | Bought a book of Beasts for 1045 gold pieces
 67728 | Zot:3    | Reached skill level 7 in Spellcasting
 67877 | Zot:3    | Reached skill level 21 in Translocations
 67898 | Zot:3    | Reached skill level 8 in Spellcasting
 68058 | Zot:3    | You fall into a shaft and drop 1 floor!
 68541 | Zot:4    | Learned a level 5 spell: Summon Mana Viper
 68660 | Zot:4    | Reached skill level 9 in Spellcasting
 69232 | Zot:5    | Entered Level 5 of the Realm of Zot
 69313 | Zot:5    | Reached skill level 22 in Translocations
 69346 | Zot:5    | Noticed an orb of fire
 69430 | Zot:5    | Noticed an orb of fire
 69436 | Zot:5    | Noticed an ancient lich
 69439 | Zot:5    | Noticed an orb of fire
 69492 | Zot:5    | Noticed an orb of fire
 69498 | Zot:5    | Noticed an orb of fire
 69511 | Zot:4    | Gained mutation: You are frail. (-10% HP) [an orb of fire]
 69512 | Zot:4    | Killed an orb of fire
 69592 | Zot:4    | Gained mutation: You are very frail. (-20% HP) [an orb of
                  | fire]
 69597 | Zot:4    | Killed an orb of fire
 69669 | Zot:5    | Killed an ancient lich
 69669 | Zot:5    | Reached skill level 23 in Translocations
 69729 | Zot:5    | Gained mutation: Your magical capacity is low. (-10% MP)
                  | [an orb of fire]
 69735 | Zot:5    | Gained mutation: You are weak. (Str -2) [an orb of fire]
 69740 | Zot:5    | Killed an orb of fire
 69776 | Zot:4    | Lost mutation: You frequently scream uncontrollably at your
                  | foes. [potion of mutation]
 69776 | Zot:4    | Lost mutation: Your magical capacity is low. (-10% MP)
                  | [potion of mutation]
 69776 | Zot:4    | Lost mutation: You are very frail. (-20% HP) [potion of
                  | mutation]
 69776 | Zot:4    | Gained mutation: You expend magic power (3 MP) to
                  | strengthen your wands. [potion of mutation]
 69791 | Zot:4    | Lost mutation: You are frail. (-10% HP) [potion of
                  | mutation]
 69791 | Zot:4    | Lost mutation: You are weak. (Str -2) [potion of mutation]
 69791 | Zot:4    | Gained mutation: You have sharp fingernails. [potion of
                  | mutation]
 69905 | Zot:5    | Gained mutation: You are frail. (-10% HP) [an orb of fire]
 69907 | Zot:5    | Gained mutation: Your body sometimes deteriorates upon
                  | taking damage. [an orb of fire]
 69908 | Zot:5    | Killed an orb of fire
 69923 | Zot:5    | Gained mutation: You are occasionally teleported next to
                  | monsters. [an orb of fire]
 69931 | Zot:5    | Gained mutation: You are dopey. (Int -2) [an orb of fire]
 69933 | Zot:5    | Killed an orb of fire
 69944 | Zot:4    | Lost mutation: You often lose your temper in combat.
                  | [potion of mutation]
 69944 | Zot:4    | Lost mutation: Your body sometimes deteriorates upon taking
                  | damage. [potion of mutation]
 69944 | Zot:4    | Gained mutation: You evolve. [potion of mutation]
 69952 | Zot:4    | Lost mutation: You expend magic power (3 MP) to strengthen
                  | your wands. [potion of mutation]
 69952 | Zot:4    | Lost mutation: You sometimes yell uncontrollably at your
                  | foes. [potion of mutation]
 69952 | Zot:4    | Lost mutation: You have large cloven feet. [potion of
                  | mutation]
 69952 | Zot:4    | Lost mutation: You are frail. (-10% HP) [potion of
                  | mutation]
 69952 | Zot:4    | Gained mutation: Armour fits poorly on your strangely
                  | shaped body. [potion of mutation]
 69952 | Zot:4    | Lost mutation: You have sharp fingernails. [potion of
                  | mutation]
 69952 | Zot:4    | Gained mutation: You are robust. (+10% HP) [potion of
                  | mutation]
 69977 | Zot:4    | Lost mutation: You evolve. [potion of mutation]
 69977 | Zot:4    | Lost mutation: You tend to lose your temper in combat.
                  | [potion of mutation]
 69977 | Zot:4    | Gained mutation: Your magical capacity is low. (-10% MP)
                  | [potion of mutation]
 69977 | Zot:4    | Gained mutation: Your system is resistant to poisons.
                  | (rPois) [potion of mutation]
 69978 | Zot:4    | Lost mutation: You occasionally shout uncontrollably at
                  | your foes. [potion of mutation]
 69978 | Zot:4    | Lost mutation: Armour fits poorly on your strangely shaped
                  | body. [potion of mutation]
 69978 | Zot:4    | Gained mutation: You possess an exceptional clarity of
                  | mind. [potion of mutation]
 69978 | Zot:4    | Gained mutation: Your natural rate of healing is unusually
                  | fast. [potion of mutation]
 69978 | Zot:4    | Gained mutation: You have sharp toenails. [potion of
                  | mutation]
 69979 | Zot:4    | Lost mutation: You possess an exceptional clarity of mind.
                  | [potion of mutation]
 69979 | Zot:4    | Lost mutation: Your magical capacity is low. (-10% MP)
                  | [potion of mutation]
 69979 | Zot:4    | Lost mutation: You are dopey. (Int -2) [potion of mutation]
 69979 | Zot:4    | Gained mutation: You are partially covered in thin metallic
                  | scales. (AC +2) [potion of mutation]
 69979 | Zot:4    | Gained mutation: You have an increased reservoir of magic.
                  | (+10% MP) [potion of mutation]
 70100 | Zot:5    | Noticed an ancient lich
 70110 | Zot:5    | Reached skill level 24 in Translocations
 70135 | Zot:5    | Got the Orb of Zot
 70234 | Zot:5    | Killed an ancient lich
 70250 | Zot:5    | Noticed an orb of fire
 70252 | Zot:5    | Gained mutation: Scrolls take you a little longer to read.
                  | [an orb of fire]
 70260 | Zot:5    | Killed an orb of fire
 70260 | Zot:5    | Reached skill level 25 in Translocations
 70360 | Depths:5 | Noticed Fuqireog the pandemonium lord
 70372 | Depths:5 | Killed Fuqireog the pandemonium lord
 70532 | Depths:1 | Noticed Tekh the pandemonium lord
 70553 | Depths:1 | Killed Tekh the pandemonium lord
 70584 | Zig:1    | Entered Level 1 of a ziggurat
 70584 | Zig:1    | Noticed Muink the pandemonium lord
 70597 | Zig:1    | Killed Muink the pandemonium lord
 70637 | Zig:1    | Identified the +0 scale mail of the Jabberwock {rC+ rN+
                  | Dex+3} (You acquired it on level 1 of a ziggurat)
 70640 | Zig:2    | Entered Level 2 of a ziggurat
 70679 | Zig:3    | Entered Level 3 of a ziggurat
 70721 | Zig:4    | Entered Level 4 of a ziggurat
 70850 | Zig:5    | Entered Level 5 of a ziggurat
 70897 | Zig:5    | Identified the ring of Surprise {+Fly rF+ Dex+2 SInv} (You
                  | found it on level 5 of a ziggurat)
 70902 | Zig:6    | Entered Level 6 of a ziggurat
 70915 | Zig:6    | Reached skill level 26 in Translocations
 70966 | Zig:7    | Entered Level 7 of a ziggurat
 71049 | Zig:7    | Identified the -5 pair of gloves of Amnesaab {-Cast rElec
                  | Str-5 Int+9} (You acquired it on level 7 of a ziggurat)
 71049 | Zig:7    | Identified the amulet "Mybriger" {Regen+ Str+3 Int+4} (You
                  | acquired it on level 7 of a ziggurat)
 71049 | Zig:7    | Identified Sif Muna's Tome of Hexes and Dislocation (You
                  | acquired it on level 7 of a ziggurat)
 71051 | Zig:7    | Identified the amulet of Pubanuos {Spirit +Blink Int+5}
                  | (You acquired it on level 7 of a ziggurat)
 71057 | Zig:7    | Identified the ring "Jutuokk" {rN+ Str+3 Int+3} (You found
                  | it on level 7 of a ziggurat)
 71097 | Zig:8    | Entered Level 8 of a ziggurat
 71180 | Zig:8    | Identified the +3 scale mail of the Game of Life {rElec}
                  | (You found it on level 8 of a ziggurat)
 71194 | Zig:9    | Entered Level 9 of a ziggurat
 71196 | Zig:9    | Noticed Inug Sigg the pandemonium lord
 71200 | Zig:9    | Noticed Soenaxt the pandemonium lord
 71209 | Zig:9    | Killed Inug Sigg the pandemonium lord
 71210 | Zig:9    | Killed Soenaxt the pandemonium lord
 71250 | Zig:9    | Identified the +1 pair of boots of Dramatic Exits {Int+4}
                  | (You found it on level 9 of a ziggurat)
 71273 | Zig:9    | Reached skill level 27 in Translocations
 71661 | D:3      | Reached skill level 5 in Air Magic
 71720 | D:$      | Escaped with the Orb!

Levels and vault maps discovered:
D:1:      nzn_arrival_water_spiral, layout_basic, minmay_heptomino_w4
D:2:      layout_loops_ring, grunt_temple_overflow_holy_war,
          grunt_ministairs_14, st_stairs_1, bloody_trog
D:3:      layout_basic, lemuel_crystal_altar, nicolae_overflow_crystal_walls,
          kiku_gazebo_garden_becter, kennysheep_flooded_box, uniq_terence
D:4:      cheibrodos_old_hovel, layout_basic, lemuel_doored_altar,
          enter_ossuary_3, first_ration
D:5:      layout_basic, kennysheep_mini_moat, minmay_temple_entry_nine_rooms,
          grunt_ministairs_15, kennysheep_nondescript,
          kennysheep_generic_room_14
D:6:      layout_loops_ring, lemuel_crystal_altar, roderic_serpentine_path,
          kennysheep_another_room, grunt_ministairs_5,
          nicolae_dithmenos_through_a_glass_darkly
D:7:      layout_cave_pools, lemuel_crystal_altar, uniq_pikel
D:8:      layout_loops_cross, nemelex_xobeh_ov_fountains_minmay,
          lemuel_round_altar
D:9:      layout_roguey, minmay_lair_entry_grove, uniq_maggie
D:10:     layout_cave_pools, orc_0_dummy, uniq_urug, uniq_grum
D:11:     layout_cave_pods, basic_altar
D:12:     layout_loops_corners, serial_undead, serial_undead_f, serial_undead_e,
          serial_undead_a, serial_undead_a
D:13:     layout_loops_ring, david_vaults_5, hangedman_stone_soup
D:14:     layout_loops_corners, hex_tiny, serial_shops, shop
D:15:     gammafunk_depths_entry_grave, layout_basic, grunt_decor_cap,
          minivault_19
Temple:   compressed_dpeg_triangle_lava_temple
Lair:1:   minmay_guarded_unrand_snakebite, layout_loops_ring,
          nicolae_lair_grove_arrangements, nicolae_quartered_pool_medium,
          chequers_serial_rivers_small_b, chequers_serial_rivers_micro_a,
          grunt_megastairs_4, uniq_nergalle, uniq_gastronok
Lair:2:   layout_gridlike
Lair:3:   layout_gridlike, spider_nest_entry_webs, grunt_megastairs_3,
          lemuel_fruit_tree, uniq_rupert
Lair:4:   layout_concentric_octagons, minmay_shoals_entry_centaurs, special_room
          [special_room_bee], serial_bayou_shore_b, uniq_snorg
Lair:5:   layout_cave_pods, st_stairs_12, cheibrodos_lair_lostbears,
          infiniplex_staircase_pool_2, grunt_megastairs_1
Lair:6:   hangedman_lair_caniforms_friends, layout_loops_ring,
          guppyfry_lair_end_dragon, slime_altar_1, minmay_lair_oklob_chamber
Shoals:1: layout_shoals
Shoals:2: cheibrodos_shoals_three_sisters, layout_shoals, serial_shops,
          nicolae_shop_stone, uniq_ilsuiw
Shoals:3: layout_shoals, serial_shops, nicolae_shop_competitors_out_of_business,
          shop, st_sunken_temple
Shoals:4: shoals_end_grunt_ice, layout_shoals
Spider:1: layout_spider_delve, uniq_josephine
Spider:2: layout_spider_delve, uniq_arachne
Spider:3: layout_spider_delve, worms_lemuel
Spider:4: grunt_spider_rune_island
Slime:1:  layout_caves
Slime:2:  cheibrodos_slime_lost_civilization_1, layout_caves,
          cheibrodos_slime_lost_civilization_4
Slime:3:  layout_caves
Slime:4:  layout_caves
Slime:5
Orc:1:    layout_diamond_mine, ebering_ghost_reflecting_pool, mines_bat_river
Orc:2:    pf_orc_diabolical, layout_caves, elf_legates
Elf:1:    eino_elf_arrival_the_gate, layout_loops_cross,
          kennysheep_underground_church, grunt_ministairs_4, nrook_uturn,
          uniq_azrael
Elf:2:    layout_geoelf_octagon, drop_trap
Elf:3:    minmay_elf_hall_four_x, layout_rooms, basic_altar
Vaults:1: nicolae_vaults_border_crossing, v_alt_pattern_6,
          nicolae_vaults_little_squares_3, hangedman_vaults_stitches,
          vaults_dpeg_diagonal, layout_vaults_omnigrid
Vaults:2: ontoclasm_vaults_idyll, v_misc_1, minmay_crypt_entry_simple_corners,
          ontoclasm_vaults_shout, v_misc_9, v_misc_27,
          hangedman_vaults_variations, ontoclasm_vaults_ring_square,
          v_alt_pattern_1, hangedman_vaults_capsules, ontoclasm_vaults_pinch,
          dpeg_vaults_monster_box, vaults_dpeg_spiral, v_misc_16,
          layout_vaults_omnicross, serial_shops, shop
Vaults:3: nicolae_vaults_gold_heap, nicolae_vaults_big_ls, vaults_mumra_chevron,
          ontoclasm_vaults_twist, v_alt_pattern_6,
          nicolae_vaults_little_squares_6, nicolae_vaults_quartermaster,
          grunt_vaults_hallway_short, v_alt_pattern_5, nicolae_vaults_theta,
          grunt_vaults_hallway_long, hangedman_vaults_snaps, v_misc_14,
          v_misc_10, vaults_mumra_hex, layout_vaults_ring, serial_shops,
          nicolae_shop_stone, uniq_boris
Vaults:4: vaults_room_large_hall, vaults_mumra_chevron_long,
          nicolae_vaults_mini_display_case, st_hourglassy,
          hangedman_vaults_maws, v_misc_12, nicolae_vaults_hallways_thing,
          v_misc_32, nicolae_vaults_network_periphery,
          nicolae_vaults_network_quinsquares
          [nicolae_vaults_network_quincunx_subvault,
          nicolae_vaults_network_quincunx_subvault,
          nicolae_vaults_network_quincunx_subvault,
          nicolae_vaults_network_quincunx_subvault], ontoclasm_vaults_ligature,
          vaults_room_semicircle, vaults_room_stairs_pillars,
          layout_vaults_omnibox, uniq_mara
Vaults:5: serial_shops, uniq_margery
Crypt:1:  layout_chaotic_city
Crypt:2:  layout_misc_corridors, grunt_ministairs_3,
          lemuel_mausoleum_altar_yredelemnul
Crypt:3:  david_glass_crypt, layout_gridlike,
          nicolae_tomb_entry_unfolded_pyramid_orthogonal
Depths:1: layout_cave_shapes, nicolae_two_hexagons, serial_shops, shop,
          hellmouth_1, chequers_serial_rivers_room_b, minmay_shop_mayhem,
          hangedman_decor_peaks_small, minmay_fractal_squares_diagonal_5
Depths:2: grunt_deathspiral_large, layout_gridville, enter_ziggurat_a,
          hangedman_decor_lopped, rand_demon_pan_entry_5, pf_coc_iceberg,
          lemuel_flamethrower_3
Depths:3: hangedman_screamer, layout_cave_shapes, grunt_pan_entry_spiral,
          serial_shops, shop, minmay_hedge_maze, hell_entry,
          kennysheep_random_hallway, infiniplex_staircase_x, uniq_xtahua
Depths:4: hangedman_cross_cluster, layout_basic, hangedman_abyss_or_decor_slice,
          abyss_entry, hell_entry
Depths:5: grunt_crosshair, layout_basic, hell_entry,
          hangedman_abyss_or_decor_stabs, abyss_entry, serial_shops,
          nicolae_shop_window_shopping, grunt_decor_arrowhead
Hell
Zot:1:    nicolae_zot_stationary_front, layout_gridlike,
          hangedman_zot_wheel_spokes, zot_minivault_1
Zot:2:    layout_misc_corridors, lemuel_lake_of_fire
Zot:3:    layout_misc_corridors, grunt_ministairs_9
Zot:4:    layout_basic
Zot:5:    layout_cathedral_of_symmetry, skrybe_zot_glass_1

Skill      XL: |  1  2  3  4  5  6  7  8  9 10 11 12 13 14 15 16 17 18 19 20 21 22 23 24 25 26 27 |
---------------+----------------------------------------------------------------------------------+-----
Fighting       | 4 5 6 7 8 9 10 11 12 13 14 15 16 17 18 19 20 | 20.7
Axes           | 3 4 5 7 8 9 10 12 13 14 15 16 17 18 19 20 21 | 21.7
Armour         | 4 5 6 7 8 9 10 11 12 13 14 15 16 17 18 19 20 | 20.7
Invocations    | 2 4 6 8 9 10 11 12 13 14 | 14.0
Throwing       | 2 4 5 6 7 8 9 10 11 12 13 14 15 16 17 | 17.2
Dodging        | 3 5 7 8 9 10 11 12 13 14 15 16 17 | 17.6
Translocations | 1 4 5 6 8 9 10 11 12 13 14 27 | 27.0
Stealth        | 3 5 6 8 9 10 11 12 | 12.7
Summonings     | 1 5 6 8 10 | 10.0
Evocations     | 2 5 6 8 9 10 | 10.0
Spellcasting   | 3 4 9 |  9.0
Hexes          | 6 9 11 13 14 15 | 15.0
Transmutations | 2 7 |  7.9
Air Magic      | 5 |  5.0
Shields        | 10 | 10.0

Action                   |  1- 3 |  4- 6 |  7- 9 | 10-12 | 13-15 | 16-18 | 19-21 | 22-24 | 25-27 || total
-------------------------+-------+-------+-------+-------+-------+-------+-------+-------+-------++-------
Melee: War axe           |    96 |   176 |       |       |       |       |       |       |       ||   272
       Hand axe          |       |    27 |   326 |   115 |       |       |       |       |       ||   468
       Unarmed           |       |       |     3 |       |       |       |       |       |       ||     3
       Broad axe         |       |       |       |   394 |  1209 |   888 |  1659 |  1459 |  2980 ||  8589
Throw: Dart              |       |    10 |    10 |    14 |     3 |     2 |       |       |       ||    39
       Javelin           |       |       |       |       |    21 |     1 |       |    44 |   281 ||   347
       Boomerang         |       |       |       |       |    16 |    33 |   245 |    40 |   397 ||   731
 Cast: Lesser Beckoning  |       |       |       |       |       |       |     1 |       |       ||     1
       Blink             |       |       |       |       |       |       |       |     3 |    10 ||    13
       Apportation       |       |       |       |       |       |       |       |     1 |    13 ||    14
       Summon Mana Viper |       |       |       |       |       |       |       |       |    10 ||    10
       Aura of Abjuratio |       |       |       |       |       |       |       |       |     6 ||     6
       Summon Lightning  |       |       |       |       |       |       |       |       |     4 ||     4
Invok: Slouch            |       |       |       |     1 |    11 |     8 |    15 |    12 |    25 ||    72
       Temporal Distorti |       |       |       |     1 |     1 |       |       |       |     2 ||     4
 Abil: Hop               |       |     1 |       |       |     2 |       |       |       |     5 ||     8
Evoke: Wand              |       |       |       |     1 |     1 |     2 |     1 |     2 |     8 ||    15
       Lamp of fire      |       |       |       |       |       |     1 |       |       |     1 ||     2
       Horn of Geryon    |       |       |       |       |       |       |       |       |     1 ||     1
  Use: Scroll            |       |     8 |     6 |     7 |    13 |     3 |    11 |     9 |    52 ||   109
       Potion            |       |     1 |       |       |     2 |     4 |     4 |     1 |    21 ||    33
 Stab: Distracted        |       |       |       |     1 |     1 |     1 |       |     1 |       ||     4
       Paralysed         |       |       |       |       |       |     3 |       |     1 |     3 ||     7
       Invisible         |       |       |       |       |       |       |       |       |     2 ||     2
       Petrifying        |       |       |       |       |       |       |       |       |     1 ||     1
  Eat: Chunk             |     1 |     3 |    11 |    11 |    26 |    13 |    19 |    21 |    16 ||   121
       Ration            |       |     1 |       |       |       |     1 |     3 |     1 |    12 ||    18
Armor: Scale mail        |    39 |       |    23 |   106 |       |       |       |       |       ||   168
       Plate armour      |    34 |    55 |       |       |       |       |       |       |       ||    89
       Chain mail        |       |    45 |   107 |    96 |   520 |   318 |   317 |       |       ||  1403
       Skin              |       |       |     3 |       |       |       |       |       |       ||     3
       Acid dragon scale |       |       |       |       |     4 |       |       |       |       ||     4
       Crystal plate arm |       |       |       |       |       |       |   590 |   901 |  2086 ||  3577
Dodge: Dodged            |    35 |    35 |    96 |   196 |   693 |   526 |  1451 |  1196 |  1984 ||  6212
Block: Kite shield       |    62 |    80 |   129 |   300 |   803 |   530 |   683 |       |  1606 ||  4193
       Buckler           |       |       |       |       |       |       |   276 |   490 |   183 ||   949
       Reflection        |       |       |       |       |       |       |    49 |    50 |     8 ||   107

Table legend:
 A = Non-vault XP
 B = Vault XP
 C = Vault XP percentage of total XP
 D = Non-vault monster count
 E = Vault monster count
 F = Vault count percentage of total count
                 A         B        C        D         E       F
            +---------+---------+-------+---------+---------+-------
      Total | 1076030 |  960646 |  47.2 |    1930 |    1018 |  34.5
            +---------+---------+-------+---------+---------+-------
        D:1 |      12 |      10 |  45.5 |       8 |       5 |  38.5
        D:2 |      66 |      30 |  31.2 |      22 |       4 |  15.4
        D:3 |      56 |      36 |  39.1 |      16 |       1 |   5.9
        D:4 |     624 |     119 |  16.0 |      21 |       2 |   8.7
        D:5 |     554 |      80 |  12.6 |      19 |       3 |  13.6
        D:6 |    1185 |     161 |  12.0 |      28 |       2 |   6.7
        D:7 |     854 |     673 |  44.1 |      20 |       1 |   4.8
        D:8 |    1927 |       0 |   0.0 |      22 |       0 |   0.0
        D:9 |    1224 |    2569 |  67.7 |      16 |      15 |  48.4
       D:10 |    3015 |    1032 |  25.5 |      25 |       2 |   7.4
       D:11 |    8895 |       0 |   0.0 |      51 |       0 |   0.0
       D:12 |    4146 |     465 |  10.1 |      28 |       7 |  20.0
       D:13 |    6245 |    5334 |  46.1 |      29 |      13 |  31.0
       D:14 |   18501 |       0 |   0.0 |      56 |       0 |   0.0
       D:15 |   16584 |    6395 |  27.8 |      43 |       8 |  15.7
     Lair:1 |    3088 |    4462 |  59.1 |      19 |      13 |  40.6
     Lair:2 |    1846 |       0 |   0.0 |      11 |       0 |   0.0
     Lair:3 |    2913 |    3218 |  52.5 |      15 |       2 |  11.8
     Lair:4 |    7234 |    3720 |  34.0 |      15 |      30 |  66.7
     Lair:5 |    4903 |    1296 |  20.9 |      16 |       5 |  23.8
     Lair:6 |    6535 |   18616 |  74.0 |      13 |      78 |  85.7
   Shoals:1 |   17689 |       0 |   0.0 |      36 |       0 |   0.0
   Shoals:2 |    6664 |   14536 |  68.6 |      15 |      18 |  54.5
   Shoals:3 |   20072 |    8586 |  30.0 |      43 |       9 |  17.3
   Shoals:4 |   13746 |   24928 |  64.5 |      28 |      29 |  50.9
   Spider:1 |   12511 |    1861 |  12.9 |      43 |       5 |  10.4
   Spider:2 |   14984 |    3649 |  19.6 |      45 |       1 |   2.2
   Spider:3 |   13851 |    5458 |  28.3 |      41 |      15 |  26.8
   Spider:4 |   11545 |   22075 |  65.7 |      30 |      36 |  54.5
    Slime:1 |    6149 |       0 |   0.0 |      16 |       0 |   0.0
    Slime:2 |     792 |       0 |   0.0 |       3 |       0 |   0.0
    Slime:3 |    9286 |       0 |   0.0 |      26 |       0 |   0.0
    Slime:4 |    2853 |    2164 |  43.1 |       8 |       1 |  11.1
    Slime:5 |   12433 |   29176 |  70.1 |      18 |      12 |  40.0
      Orc:1 |    4200 |    1697 |  28.8 |      46 |       6 |  11.5
      Orc:2 |    4788 |   27038 |  85.0 |      50 |      79 |  61.2
      Elf:1 |   12113 |    9270 |  43.4 |      19 |      18 |  48.6
      Elf:2 |   32030 |   21766 |  40.5 |      56 |      28 |  33.3
      Elf:3 |   30094 |   54176 |  64.3 |      44 |      36 |  45.0
   Vaults:1 |   13230 |   18227 |  57.9 |      21 |      23 |  52.3
   Vaults:2 |   33987 |   26130 |  43.5 |      61 |      38 |  38.4
   Vaults:3 |   24421 |   40300 |  62.3 |      43 |      52 |  54.7
   Vaults:4 |   34803 |   96965 |  73.6 |      49 |      83 |  62.9
   Vaults:5 |   62337 |   80289 |  56.3 |      82 |      54 |  39.7
    Crypt:1 |   22353 |       0 |   0.0 |      31 |       0 |   0.0
    Crypt:2 |   24305 |    3222 |  11.7 |      38 |      14 |  26.9
    Crypt:3 |   42247 |   40871 |  49.2 |      55 |      26 |  32.1
   Depths:1 |   31678 |    7522 |  19.2 |      41 |      10 |  19.6
   Depths:2 |   33350 |   53677 |  61.7 |      43 |      60 |  58.3
   Depths:3 |   19307 |   43356 |  69.2 |      27 |      54 |  66.7
   Depths:4 |   33853 |   47180 |  58.2 |      36 |      26 |  41.9
   Depths:5 |   24165 |   21640 |  47.2 |      23 |      14 |  37.8
       Hell |    3308 |    8080 |  71.0 |       5 |       7 |  58.3
      Zot:1 |   82315 |   41110 |  33.3 |      60 |      21 |  25.9
      Zot:2 |   49409 |   26041 |  34.5 |      31 |       3 |   8.8
      Zot:3 |   48285 |    3491 |   6.7 |      29 |       2 |   6.5
      Zot:4 |   42888 |   19304 |  31.0 |      25 |       3 |  10.7
      Zot:5 |   28591 |  104365 |  78.5 |      16 |      25 |  61.0
    Abyss:3 |   30790 |    1574 |   4.9 |      76 |       3 |   3.8
      Zig:1 |    2936 |       0 |   0.0 |       2 |       0 |   0.0
      Zig:2 |    3355 |       0 |   0.0 |       2 |       0 |   0.0
      Zig:3 |    3715 |       0 |   0.0 |       3 |       0 |   0.0
      Zig:4 |    7823 |    2558 |  24.6 |      20 |       4 |  16.7
      Zig:5 |    6425 |       0 |   0.0 |       5 |       0 |   0.0
      Zig:6 |    4957 |       0 |   0.0 |      12 |       0 |   0.0
      Zig:7 |    8482 |       0 |   0.0 |      13 |       0 |   0.0
      Zig:8 |   12770 |       0 |   0.0 |       9 |       0 |   0.0
      Zig:9 |   23738 |       0 |   0.0 |      12 |       0 |   0.0
    Ossuary |       0 |     148 | 100.0 |       0 |      12 | 100.0
            +---------+---------+-------+---------+---------+-------
